AoeStats
← jhgomez13

Arena

510641382Analyzed
1v1 RM · 16h ago on Oct 1, 2026· 18m 6s· 2 players
Game mode
Random Map
Map size
Tiny (2 player)
Population
200
Speed
Normal
Resources
Standard
Victory
Conquest
Starting age
Dark Age
Ending age
Imperial Age
RankedLock teamsTeams togetherTeam positionsShared explorationLock speedFull tech treeHidden civsTurbo modeCheats
Victory
Defeat
🇨🇴 Lithuanians · Colombia
875
+18
🇨🇦 Cumans · Canada
917
-18
jhgomez13
10:33 Feudal Age
14:57 Castle Age
13:50 Double-Bit Axe
16:25 Scale Barding Armor
HanibalBarca
7:28 Loom
10:15 Feudal Age
10:51 Double-Bit Axe
10:58 Gold Mining
13:23 Padded Archer Armor
13:14 Fletching
13:27 Padded Archer Armor
Connection lost

Rejoining the realm…

Still unreachable

The connection could not be restored.

Session expired

The server has moved on; the page needs a fresh start.